[Event "GER-chT States Women 2022"]
[Site "Braunfels"]
[Date "2022.06.16"]
[Round "1.15"]
[White "Noppes, Marina"]
[Black "Leib, Britta"]
[Result "1/2-1/2"]
[ECO "E91"]
[WhiteElo "1922"]
[BlackElo "1906"]
[Annotator "TA"]
[PlyCount "78"]
[EventDate "2022.06.15"]
[EventType "swiss"]
[EventCountry "GER"]
[SourceTitle "playchess.com"]
[Source "ChessBase"]
[SourceQuality "1"]
[TimeControl "40/5400+30:1800+30"]

1. d4 Nf6 2. Nf3 g6 3. c4 Bg7 4. Nc3 O-O 5. e4 d6 6. Be2 Bg4 7. h3 Bxf3 8. Bxf3 e5 (8... Nfd7 $14) 9. dxe5 {[%emt 0:01:10] E91: King's Indian: Classical: 6 Be2, unusual replies including 6...c5 and 6...Bg4.} (9. d5 $1 $16) 9... dxe5 $11 10. Be3 {[%emt 0:00:44] [#]} c6 $146 (10... Nc6 $142) ({Predecessor:} 10... Nc6 11. O-O Nd4 12. Nb5 Ne6 13. Qb3 c6 14. Rfd1 Qe7 15. Nc3 b6 16. Qa4 Qc7 {0-1 (51) Hajek,J (2188)-Skuja,A (2248) Pardubice 2001}) 11. Qb3 {[%emt 0:05:59] The position is equal.} Qc7 12. c5 Nbd7 13. O-O Rfd8 14. Rac1 Nf8 15. Rfd1 Ne6 16. Ne2 {[%emt 0:00:24] Against Nd4} Bf8 17. Qc4 a5 18. Nc3 Rxd1+ 19. Rxd1 {[%emt 0:09:45] [#]} (19. Bxd1 $11 Qe7 20. Bb3) 19... Qe7 (19... Nxc5 $1 $17 20. Ne2 (20. Bxc5 b5 $17) (20. Rc1 Nfd7) 20... Ne6) 20. Na4 h5 21. Qc3 Nd7 {[%emt 0:09:29] [#]} 22. Rxd7 $1 Qxd7 23. Nb6 Qd8 24. Nxa8 Qxa8 25. Qxe5 Bg7 26. Qg3 Qf8 27. Be2 Nxc5 28. Bc4 {[%emt 0:00:15] Hoping for Qxg6.} b5 29. Bxc5 (29. Bxf7+ $11 Qxf7 30. Bxc5) 29... Qxc5 {[%emt 0:00:06][%mdl 4096] Endgame KQB-KQB} 30. Bb3 {[%emt 0:00:24][%mdl 8192] Loses the game.} (30. Qb8+ $17 Bf8 31. Bf1) 30... Qc1+ $19 31. Kh2 a4 32. Be6 fxe6 33. Qxg6 Qf4+ 34. Kg1 Qf7 35. Qg3 Kh7 36. Qd6 Bxb2 {[%emt 0:01:17] White must now prevent ...e5.} 37. Qxc6 Bd4 {[%emt 0:00:26] Black mates.} 38. Qc2 b4 39. Qd2 {[%emt 0:01:46] [#]} Qxf2+ $1 {[%emt 0:00:19][%mdl 33280] Weighted Error Value: White=0.65/Black=0.13 (very precise) . An unexpected result.} 1/2-1/2

[Event "GER-chT States Women 2022"]
[Site "Braunfels"]
[Date "2022.06.16"]
[Round "1.16"]
[White "Freter, Anke"]
[Black "Roesler, Hannah Clara"]
[Result "1-0"]
[ECO "B25"]
[WhiteElo "1856"]
[BlackElo "1718"]
[Annotator "NA RC COMBH"]
[PlyCount "128"]
[EventDate "2022.06.15"]
[EventType "swiss"]
[EventCountry "GER"]
[SourceTitle "playchess.com"]
[Source "ChessBase"]
[SourceQuality "1"]
[TimeControl "40/5400+30:1800+30"]

1. e4 c5 2. Nc3 Nc6 3. g3 g6 4. Bg2 Bg7 5. d3 d6 6. f4 Nf6 7. Nf3 O-O 8. O-O e6 9. h3 Nd4 10. Be3 Ne8 11. Qd2 Nc7 12. Nd1 Rb8 13. c3 Nxf3+ 14. Rxf3 Qe7 15. g4 f5 16. Rg3 Kh8 17. Bf2 b5 18. g5 Bb7 19. h4 Rbd8 20. exf5 Bxg2 21. f6 Bxf6 22. gxf6 Qxf6 23. Rxg2 Nd5 24. Bg3 Nxf4 25. Qxf4 Qxf4 26. Bxf4 Rxf4 27. Rh2 Rdf8 28. Nf2 Rf3 29. Re1 e5 30. Re2 R8f4 31. Kg2 Rf7 32. Rh3 R3f4 33. Ne4 Rg4+ 34. Kh2 Rf1 35. Rf2 Rxf2+ 36. Nxf2 Ra4 37. a3 d5 38. h5 Rf4 39. Kg3 g5 40. h6 e4 41. dxe4 dxe4 42. Kg2 Kg8 43. Rg3 Kf7 44. Rxg5 Kf6 45. Rxc5 e3 46. Nd3 e2 47. Re5 Rh4 48. Rxe2 Rxh6 49. Nb4 Rg6+ 50. Kf3 Kf5 51. Rh2 h6 52. Rh5+ Ke6 53. Rxb5 Rf6+ 54. Ke4 Rf2 55. Nd3 Re2+ 56. Kd4 Kf6 57. Rh5 Kg7 58. Ra5 Re7 59. c4 Kg6 60. Nf4+ Kf7 61. Ra6 Kg7 62. c5 Rf7 63. Ke5 Re7+ 64. Re6 Rxe6+ 1-0

[Event "GER-chT States Women 2022"]
[Site "Braunfels"]
[Date "2022.06.16"]
[Round "1.17"]
[White "Rieping, Lea"]
[Black "Khrapko, Marharyta"]
[Result "0-1"]
[ECO "B32"]
[WhiteElo "1912"]
[BlackElo "2110"]
[Annotator "NA RC"]
[PlyCount "78"]
[EventDate "2022.06.15"]
[EventType "swiss"]
[EventCountry "GER"]
[SourceTitle "playchess.com"]
[Source "ChessBase"]
[SourceQuality "1"]
[TimeControl "40/5400+30:1800+30"]

1. d4 c5 2. Nf3 cxd4 3. Nxd4 e5 4. Nb5 d6 5. e4 Nc6 6. N1c3 a6 7. Na3 Be7 8. Nd5 Nf6 9. Nxf6+ Bxf6 10. Nc4 O-O 11. g3 Be6 12. Ne3 Qd7 13. Bg2 Bd8 14. O-O Ne7 15. f4 exf4 16. gxf4 f5 17. exf5 Nxf5 18. Nxf5 Bxf5 19. Be3 Rf6 20. Qd5+ Be6 21. Qd3 Rg6 22. f5 Rxg2+ 23. Kxg2 Qc6+ 24. Kg1 Bc4 25. Qd2 Bxf1 26. Rxf1 Bf6 27. c3 Re8 28. Re1 Qf3 29. Bf2 Be5 30. Bg3 Qxf5 31. c4 Qg4 32. Qd5+ Qe6 33. Qxb7 Qxc4 34. Bxe5 dxe5 35. Qd7 Rf8 36. Qd2 h6 37. Qg2 Qd4+ 38. Kh1 Rf2 39. Qh3 Qxb2 0-1

[Event "GER-chT States Women 2022"]
[Site "Braunfels"]
[Date "2022.06.16"]
[Round "1.18"]
[White "Birkholz, Olga"]
[Black "Nizamova, Rita"]
[Result "1-0"]
[ECO "A48"]
[WhiteElo "1993"]
[BlackElo "1814"]
[Annotator "TA"]
[PlyCount "39"]
[EventDate "2022.06.15"]
[EventType "swiss"]
[EventCountry "GER"]
[SourceTitle "playchess.com"]
[Source "ChessBase"]
[SourceQuality "1"]
[TimeControl "40/5400+30:1800+30"]

1. d4 Nf6 2. Nf3 g6 3. Nc3 d5 4. Bf4 Nh5 5. Bg5 h6 6. Bd2 {[%emt 0:00:45] D00: 1 d4 d5: Unusual lines.} Bg7 {[%emt 0:00:14] [#]} 7. h3 $146 ({Predecessor:} 7. e3 c6 8. Bd3 Be6 9. O-O Nd7 10. e4 dxe4 11. Nxe4 Nhf6 12. c3 Nxe4 13. Bxe4 {½-½ (38) Weaver,L (1709)-Neatherway,A (1838) London 2016}) 7... O-O 8. g4 {[%emt 0:02:02] The position is equal.} Nf6 9. Qc1 h5 ({Better is} 9... Kh7 $1 $15) 10. Bh6 $14 Nc6 11. gxh5 Nxh5 12. Rg1 Qd6 (12... Nxd4 $11 13. Nxd4 Bxd4) 13. Bxg7 (13. Qg5 $1 $14) 13... Kxg7 $11 14. Qg5 {[%emt 0:00:38] [#] And now Qxh5 would win.} Kh7 $2 (14... Nf6 $11) 15. Qxd5 $16 ({Resist} 15. Nxd5 $6 Bf5 16. c4 Be4 $14) 15... Qb4 (15... Qxd5 $16 16. Nxd5 Bd7) 16. O-O-O $18 Nf6 (16... Bf5 $142 17. e4 Nf4) 17. Qg5 {[%emt 0:03:07] White is clearly winning.} Bf5 (17... Kg7 $142 18. d5 Na5) 18. e4 Bd7 19. e5 Nh5 20. Bd3 {[%emt 0:00:17] Weighted Error Value: White=0.15 (very precise) /Black=0.84} 1-0

[Event "GER-chT States Women 2022"]
[Site "Braunfels"]
[Date "2022.06.16"]
[Round "1.19"]
[White "Moeller, Hannah"]
[Black "Stangl, Anita"]
[Result "0-1"]
[ECO "A04"]
[WhiteElo "1833"]
[BlackElo "2041"]
[Annotator "NA RC"]
[PlyCount "70"]
[EventDate "2022.06.15"]
[EventType "swiss"]
[EventCountry "GER"]
[SourceTitle "playchess.com"]
[Source "ChessBase"]
[SourceQuality "1"]
[TimeControl "40/5400+30:1800+30"]

1. Nf3 e6 2. g3 d5 3. Bg2 c6 4. O-O Bd6 5. d4 Nd7 6. b3 Qe7 7. Bb2 Ngf6 8. c4 Ne4 9. Nc3 f5 10. Nxe4 fxe4 11. Ne5 O-O 12. f3 Bxe5 13. dxe5 exf3 14. exf3 dxc4 15. bxc4 Rd8 16. Qe2 Nb6 17. Rac1 Na4 18. Ba1 Bd7 19. f4 Be8 20. Qe3 Bg6 21. Rfd1 Rxd1+ 22. Rxd1 Rd8 23. Rxd8+ Qxd8 24. Qd4 Qa5 25. Kf2 Nc5 26. Bc3 Qxa2+ 27. Bd2 h6 28. Bh3 Kh7 29. Qxc5 Qxd2+ 30. Kf3 Bh5+ 31. g4 Qxh2 32. gxh5 Qxh3+ 33. Ke4 Qg2+ 34. Kd3 Qf3+ 35. Kc2 Qxf4 0-1

[Event "GER-chT States Women 2022"]
[Site "Braunfels"]
[Date "2022.06.16"]
[Round "1.20"]
[White "Braun, Kristin"]
[Black "Wilmink, Anna"]
[Result "1/2-1/2"]
[ECO "B38"]
[WhiteElo "1905"]
[BlackElo "1700"]
[Annotator "TA"]
[PlyCount "107"]
[EventDate "2022.06.15"]
[EventType "swiss"]
[EventCountry "GER"]
[SourceTitle "playchess.com"]
[Source "ChessBase"]
[SourceQuality "1"]
[TimeControl "40/5400+30:1800+30"]

1. e4 c5 2. Nf3 Nc6 3. d4 cxd4 4. Nxd4 g6 5. c4 Bg7 6. Be3 Nf6 7. Nc3 O-O 8. Be2 d6 9. O-O Bd7 10. Rc1 Rc8 11. b3 a6 12. Kh1 {[%emt 0:06:57] B38: Sicilian: Maroczy Bind with 5...Bg7 and 7...0-0.} (12. Nxc6 $14 Bxc6 13. f3) 12... Ne8 (12... Nxd4 $11 13. Bxd4 Bc6) 13. Nd5 Nf6 {[%emt 0:02:17] [#]} 14. Bf3 $146 (14. Nxc6 $14 Bxc6 15. Nb6) ({Predecessor:} 14. Nxc6 Rxc6 15. f3 Re8 16. Qd2 h5 17. b4 e6 18. Nc3 Qe7 19. b5 Rc7 20. Rfd1 axb5 21. cxb5 {1-0 (36) Ryakhovskiy,A (1947)-Degtiarev,V (1891) Elets 2009}) 14... Ne5 15. Bg5 Nxd5 16. exd5 h6 17. Bh4 (17. Bf4 $11) 17... Nxf3 $17 18. Nxf3 g5 (18... f5 $17 19. Qe2 g5 20. Bxg5 hxg5 21. Nxg5 Qe8) 19. Bg3 $15 b5 (19... f5 $5 20. h3 b5 $15) 20. cxb5 (20. h4 $11 {remains equal.}) 20... axb5 (20... Rxc1 $1 $17 21. Qxc1 Qa5) 21. Qd2 (21. h4 $1 $15) 21... Qb6 22. Rfe1 (22. h4 $15) 22... Bf6 (22... Rxc1 $17 23. Rxc1 Rc8 24. Rxc8+ Bxc8) 23. h4 $1 g4 24. Nh2 Kg7 ({Black should play} 24... h5 $15) 25. Rxc8 ({White should try} 25. Bf4 $14 Rxc1 26. Bxh6+ Kg8 27. Rxc1) 25... Rxc8 ({Much less strong is} 25... Bxc8 26. f3 $14) 26. Qe2 (26. Bf4 $15) 26... h5 $17 27. f3 {[%emt 0:00:24][%cal Rf3g4] [#]} Rh8 (27... Qd4 $1 $17 {Threatens to win with ...gxf3.} 28. Bf2 gxf3 29. Qxf3 Qd2 30. Qg3+ Kh8) 28. Bf2 Qb7 29. Qe4 (29. Qd1 $11) 29... Kf8 ({Better is} 29... e5 $15) 30. Bd4 $11 Bxd4 31. Qxd4 Rg8 (31... f6 $1 $11) 32. Qe3 $36 {[%emt 0:00:41][%mdl 2048] Black is under strong pressure. White is more active.} Bf5 33. Qh6+ Ke8 34. Qxd6 Be6 35. Qc6+ Qxc6 36. dxc6 {[%mdl 4096] Endgame KRB-KRN} Bd5 37. Rc1 {[%emt 0:00:21] And now Rc5 would win.} Kd8 38. Rc5 e6 39. Rxb5 Kc7 {[%emt 0:02:13] [#] Inhibits Rb8.} (39... Kc8 $142) 40. Rb7+ (40. fxg4 $1 $16 {Strongly threatening g5.} Kxc6 41. Rb4) 40... Kxc6 $11 {[%emt 0:00:14] The position is equal.} 41. Rxf7 {[%emt 0:30:32] aiming for fxg4.} Ra8 $1 42. a4 {[%emt 0:03:15] Threatening Rf4.} Bxb3 43. fxg4 Rxa4 44. g5 {[%emt 0:06:03] next g6 is good for White.} e5 45. Rf1 Rxh4 46. g3 Ra4 47. Nf3 Bd5 48. Kg1 Bxf3 49. Rxf3 {[%emt 0:00:00] KR-KR} Rg4 50. Rf5 Kd5 {[%emt 0:00:00] Hoping for ...Ke4.} 51. Kf2 Ke4 52. Rf8 Rxg5 {[%emt 0:00:00] ( -> ...Rf5+)} 53. Ra8 Kf5 54. Re8 {[%emt 0:00:04] Weighted Error Value: White=0.34/Black=0.27 (precise)} 1/2-1/2

[Event "GER-chT States Women 2022"]
[Site "Braunfels"]
[Date "2022.06.16"]
[Round "1.21"]
[White "Balazs, Kata"]
[Black "Ankerst, Milka"]
[Result "1/2-1/2"]
[ECO "A45"]
[WhiteElo "1679"]
[BlackElo "1931"]
[Annotator "TA"]
[PlyCount "118"]
[EventDate "2022.06.15"]
[EventType "swiss"]
[EventCountry "GER"]
[SourceTitle "playchess.com"]
[Source "ChessBase"]
[SourceQuality "1"]
[TimeControl "40/5400+30:1800+30"]

1. d4 Nf6 2. Nc3 d5 3. Bf4 c6 4. e3 Bf5 5. f3 g6 {[%emt 0:02:35] [#]} (5... h6 $11) 6. Qd2 $146 {[%emt 0:03:15] D00: 1 d4 d5: Unusual lines.} ({Predecessor:} 6. g4 Bc8 7. h4 h5 8. g5 Nfd7 9. Qd2 Bg7 10. O-O-O e5 11. Bg3 exd4 12. exd4 {0-1 (35) Yang,K (2275)-Kalinina,L (2131) Chess.com INT 2020}) 6... Nbd7 (6... Bg7 $14) 7. Nge2 Nb6 8. Ng3 {[%emt 0:06:45] White is slightly better.} Qd7 (8... h5 $14) 9. e4 dxe4 (9... Be6 $16) 10. fxe4 $18 (10. Ngxe4 $6 Qe6 $11) (10. Ncxe4 Bxe4 11. fxe4 (11. Nxe4 Nxe4 12. fxe4 Bg7 $11) 11... h5 $11) 10... Qe6 11. Be5 $36 {[%emt 0:14:19][%mdl 2048] White is on the roll.} (11. Nxf5 Nxe4 12. Nxe4 Qxe4+ 13. Be2 Qxf5 $11) 11... Bg4 12. h3 Bh5 13. Nxh5 gxh5 14. Qe2 (14. Qe3 $16) 14... Rg8 (14... Bh6 $14) 15. O-O-O (15. Bf4 $16) 15... Bh6+ $2 ({Better is} 15... Na4 $14) 16. Kb1 h4 17. Qf2 Bg5 (17... Nbd7 $16 {was called for.}) 18. Bd3 Nh5 (18... Nfd7 $142) 19. Rhf1 Nf6 20. Bxf6 (20. a4 $142) 20... Qxf6 21. Qxf6 (21. Qe2 $1 $18 Qxd4 22. Ba6 $1 ) 21... Bxf6 $16 22. e5 Bh8 23. Rd2 h6 24. Rdf2 {[%emt 0:02:07] 0x0.000bd7323fcedp-1022s more active pieces.} Rg7 (24... f6 $16) 25. a3 $18 Rd8 26. Ne2 Nd5 27. Bc4 e6 {[%emt 0:02:43] Strongly threatening ...Ne3.} 28. Bxd5 Rxd5 29. c3 (29. Rf6 $18) 29... b6 ({Black should play} 29... c5) 30. b4 ({White should try} 30. Rf6) 30... Rd7 $16 31. Kc2 c5 32. bxc5 bxc5 33. Rb1 $1 (33. dxc5 $6 Rg5 $11) 33... Ke7 34. Rb8 (34. dxc5 Rg5 $14) 34... Rh7 {[%emt 0:00:11] [#]} (34... Rd8 $16 35. Rb5 cxd4 36. Nxd4 Ke8) 35. Rf4 (35. Rc8 $1 $18) 35... f6 (35... cxd4 $16 {might work better.} 36. cxd4 f6) 36. Re4 (36. dxc5 $6 f5 $16) (36. Rxh4 $18 {aiming for Nf4.} fxe5 37. dxc5) 36... fxe5 (36... cxd4 $16 {keeps fighting.} 37. Rxd4 Rc7) 37. dxe5 $18 ({Much less strong is} 37. dxc5 $6 Bf6 $14) 37... h5 38. Nf4 Kf7 {[%emt 0:00:15] Against Ng6} 39. Rc8 Bg7 40. Rxc5 Bh6 41. Rc6 ({Resist} 41. Nxh5 $6 Kg6 $16) 41... Rg7 42. c4 ({Don't take} 42. Nxh5 $6 Rxg2+ 43. Kb3 Rb7+ 44. Kc4 Rb6 45. Rxb6 axb6 $16) (42. Nxe6 $18 {has better winning chances.} Rxg2+ 43. Kb3) 42... Rg3 (42... Bxf4 $16 43. Rxf4+ Ke7) 43. Rxe6 {[%emt 0:05:30] The board is on fire.} (43. Rd6 $18 Rxd6 44. exd6) 43... Rxg2+ $16 44. Nxg2 Kxe6 {[%emt 0:00:13] [#]} 45. Nxh4 $18 {[%emt 0:00:36][%mdl 4096] Endgame KRB-KRN} (45. Nf4+ $1 $16 Bxf4 46. Rxf4) 45... Rd2+ $1 $11 {[%emt 0:01:17] The position is equal.} 46. Kc3 {[%emt 0:00:38] Black must now prevent Nf3.} Rh2 47. Kd4 Rxh3 48. Ng6 Rxa3 {[%emt 0:03:55] Hoping for ...Rg3.} 49. Nf4+ Bxf4 50. Rxf4 {[%emt 0:00:05] KR-KR} a5 51. Rh4 Ra1 52. Rxh5 Rd1+ 53. Kc5 a4 54. Rh3 Ra1 55. Re3 a3 56. Kc6 a2 {[%emt 0:00:51] ( -> ...Rb1)} (56... Rc1 $5 57. Rxa3 Rxc4+ 58. Kb5 Rh4 $11) 57. Ra3 Rc1 58. Rxa2 Rxc4+ 59. Kb5 Ke7 $2 {[%emt 0:02:42][%mdl 40960] Weighted Error Value: White=0.29 (precise) /Black=0.31. An unexpected result.} 1/2-1/2

[Event "GER-chT States Women 2022"]
[Site "Braunfels"]
[Date "2022.06.16"]
[Round "1.22"]
[White "Spiel, Marianne"]
[Black "Grabowski, Petra"]
[Result "1/2-1/2"]
[ECO "C10"]
[WhiteElo "1910"]
[BlackElo "1635"]
[Annotator "TA"]
[PlyCount "80"]
[EventDate "2022.06.15"]
[EventType "swiss"]
[EventCountry "GER"]
[SourceTitle "playchess.com"]
[Source "ChessBase"]
[SourceQuality "1"]
[TimeControl "40/5400+30:1800+30"]

1. e4 e6 2. d4 d5 3. Nd2 dxe4 4. Nxe4 Nd7 5. Nf3 Ngf6 6. Bd3 Nxe4 7. Bxe4 Nf6 8. Bd3 h6 9. O-O {[%emt 0:00:51] C10: French with 3 Nc3: Unusual Black 3rd moves and 3...dxe4.} c5 10. c3 cxd4 11. Nxd4 Bc5 12. Bf4 {[%emt 0:06:42] [#]} Bxd4 $146 ({Predecessor:} 12... O-O 13. Be5 Bd7 14. a4 Bxd4 15. Bxd4 Bc6 16. Re1 Re8 17. f3 Nd5 18. g3 e5 19. Rxe5 Rxe5 20. Bxe5 {½-½ (48) Bischof,W (2015)-Kraetschmer,K (2035) Bayern 2001}) 13. Qa4+ Bd7 14. Qxd4 O-O 15. Rad1 Bc6 16. Qe5 Qe7 17. Qe2 Nd5 18. Be5 {[%emt 0:00:53] Hoping for c4.} f6 19. Bg3 {[%emt 0:07:35] c4 is the strong threat.} f5 20. Be5 f4 21. Be4 {[%emt 0:10:45] A strong pair of Bishops.} ({Reject} 21. Qe4 $6 Rf5 22. Qd4 Nxc3 $1 23. Bxf4 (23. bxc3 Qg5 $15) 23... Nxd1 24. Bxf5 exf5 $11) 21... Qf7 {[%emt 0:04:38] [#]} (21... Qg5 $14) 22. Qd3 (22. Rd4 $1 $18) 22... Ne7 23. f3 Bxe4 24. Qxe4 {[%emt 0:00:36] Black must now prevent Rd7.} ({Much weaker is} 24. fxe4 Ng6 25. Bd6 Rfd8 $14) 24... Nd5 25. Rfe1 Qf5 {[%emt 0:02:30] [#]} (25... Rad8 $16 {was necessary.} 26. b3 Rd7) 26. Qxf5 (26. c4 $1 $18 {[%cal Rc4d5] and White stays clearly on top.} Qxe4 27. Rxe4 (27. fxe4 Ne3 $14)) 26... Rxf5 $16 27. Rd4 g5 28. Rde4 Kf7 29. Bd4 Nc7 30. a3 b6 31. c4 Re8 32. Be5 Rc8 33. Rd1 {[%emt 0:02:09] Threatens to win with Rd7+.} Ke7 {[%emt 0:01:00] Prevents Rd7+.} 34. b3 (34. Bd6+ $16 Kf7 35. Bb4) 34... Ne8 $14 35. Bc3 Rc6 (35... Nf6 $11) 36. Bb4+ $16 Kf6 37. a4 e5 38. Rd8 Re6 39. Rd7 a5 40. Ba3 {[%emt 0:00:17] White is much more active.} Kg6 {[%emt 0:00:42] Weighted Error Value: White=0.16 (very precise) /Black=0.18 (very precise)} 1/2-1/2

[Event "GER-chT States Women 2022"]
[Site "Braunfels"]
[Date "2022.06.16"]
[Round "1.23"]
[White "Hielscher, Ursula"]
[Black "Schilay, Eva"]
[Result "1/2-1/2"]
[ECO "D06"]
[WhiteElo "1717"]
[BlackElo "1691"]
[Annotator "NA RC COMBH"]
[PlyCount "71"]
[EventDate "2022.06.15"]
[EventType "swiss"]
[EventCountry "GER"]
[SourceTitle "playchess.com"]
[Source "ChessBase"]
[SourceQuality "1"]
[TimeControl "40/5400+30:1800+30"]

1. d4 d5 2. c4 Nf6 3. Nc3 c6 4. e3 Bf5 5. Be2 e6 6. Nf3 Bd6 7. h3 Nbd7 8. O-O O-O 9. cxd5 cxd5 10. Nb5 Be7 11. Bd2 a6 12. Nc3 h6 13. Rc1 Rc8 14. Qb3 Qb6 15. Qxb6 Nxb6 16. Ne5 Nbd7 17. Nd3 Rc6 18. Na4 Rfc8 19. Rxc6 Rxc6 20. Rc1 Rxc1+ 21. Nxc1 Ne4 22. Be1 Kf8 23. b4 Bf6 24. b5 axb5 25. Bxb5 Nb8 26. Bb4+ Be7 27. Bxe7+ Kxe7 28. f3 Nd6 29. Bd3 Nc6 30. Bxf5 Nxf5 31. Kf2 Kd6 32. Nc5 b6 33. Na4 b5 34. Nc3 b4 35. N3e2 Kc7 36. Nd3 1/2-1/2

[Event "GER-chT States Women 2022"]
[Site "Braunfels"]
[Date "2022.06.16"]
[Round "1.24"]
[White "Schaefer, Ann-Kathrin"]
[Black "Zoellner, Bente"]
[Result "1/2-1/2"]
[ECO "A48"]
[WhiteElo "1680"]
[BlackElo "1589"]
[Annotator "NA RC COMBH"]
[PlyCount "62"]
[EventDate "2022.06.15"]
[EventType "swiss"]
[EventCountry "GER"]
[SourceTitle "playchess.com"]
[Source "ChessBase"]
[SourceQuality "1"]
[TimeControl "40/5400+30:1800+30"]

1. d4 Nf6 2. Nf3 g6 3. e3 Bg7 4. Bd3 O-O 5. O-O d6 6. h3 Nbd7 7. c3 c5 8. Nbd2 Rb8 9. e4 b5 10. e5 Nd5 11. exd6 exd6 12. Ne4 Qc7 13. dxc5 dxc5 14. Bxb5 Nxc3 15. Nxc3 Bxc3 16. Bxd7 Ba6 17. bxc3 Bxf1 18. Kxf1 Rfd8 19. Qa4 Qxd7 20. Qxd7 Rxd7 21. Ne5 Rd1+ 22. Ke2 Rbd8 23. Nc4 f5 24. Bb2 R1d5 25. Rb1 Re8+ 26. Kf1 Re4 27. Ne3 Rd2 28. Ke1 Rd7 29. Kf1 Rd2 30. Ke1 Rd7 31. Kf1 Rd2 1/2-1/2

[Event "GER-chT States Women 2022"]
[Site "Braunfels"]
[Date "2022.06.16"]
[Round "1.25"]
[White "Tuzi, Bruna"]
[Black "Wagner, Victoria"]
[Result "1-0"]
[ECO "B52"]
[WhiteElo "1999"]
[BlackElo "1806"]
[Annotator "TA"]
[PlyCount "75"]
[EventDate "2022.06.15"]
[EventType "swiss"]
[EventCountry "GER"]
[SourceTitle "playchess.com"]
[Source "ChessBase"]
[SourceQuality "1"]
[TimeControl "40/5400+30:1800+30"]

1. e4 c5 2. Nf3 d6 3. Bb5+ Bd7 4. Bxd7+ Qxd7 5. c4 Nc6 6. O-O g6 7. d4 cxd4 8. Nxd4 Bg7 9. Be3 Nf6 10. f3 O-O 11. Nc3 Rfc8 12. b3 e6 13. Rc1 Rd8 {[%emt 0:06:28] [#] B52: Sicilian: Moscow Variation with 3...Bd7.} 14. Re1 $146 ({Predecessor:} 14. Nxc6 bxc6 15. Qe2 d5 16. e5 Ne8 17. f4 f6 18. Bf2 Nc7 19. Rfd1 fxe5 20. fxe5 Rf8 21. Na4 {1-0 (46) Krnan,T (2408)-Sejkora,V (2144) Tatranske Zruby 2019}) 14... d5 15. cxd5 (15. Nxc6 {looks sharper.} Qxc6 16. cxd5 exd5 17. Nxd5 Nxd5 18. Rxc6 Nxe3 19. Qc1) 15... exd5 {[%emt 0:00:52] White is slightly better.} 16. Nxc6 bxc6 17. e5 Ne8 18. Bg5 f6 19. e6 Qe7 (19... Qc7 $11 {remains equal.} 20. e7 Rd7) 20. Bf4 {[%emt 0:00:24][%cal Bg5f4,Bf4g3,Bg3f2][%mdl 32] White is much more active. The black rooks are badly placed.} Rac8 21. Na4 c5 22. b4 g5 23. Bg3 f5 {[%emt 0:01:11] This move loses the game for Black.} (23... cxb4 $11 24. Rxc8 Rxc8) 24. Nxc5 $18 f4 (24... a5 $16) 25. Bf2 Rc6 26. b5 Rcd6 27. Nd7 Rxe6 $2 {[%emt 0:02:26] [#]} (27... d4 28. Qd3 Kh8) 28. Qxd5 {[%emt 0:00:19] White is clearly winning.} Rxd7 29. Qxe6+ Qxe6 30. Rxe6 Nc7 31. Rec6 Nxb5 32. Kf1 h6 33. a4 Nd4 34. Rc8+ Kh7 35. R8c7 Rd8 36. Bxd4 Rxd4 37. Rxa7 {[%emt 0:00:09] [#] Rcc7 is the strong threat.} Kg8 38. Rc8+ {[%emt 0:00:08] Weighted Error Value: White=0.18 (very precise) /Black=0.63} 1-0

[Event "GER-chT States Women 2022"]
[Site "Braunfels"]
[Date "2022.06.16"]
[Round "1.26"]
[White "Albayrak, Nese Pinar"]
[Black "Bluebaum, Johanna"]
[Result "1-0"]
[ECO "C06"]
[WhiteElo "1683"]
[BlackElo "2049"]
[Annotator "NA RC"]
[PlyCount "70"]
[EventDate "2022.06.15"]
[EventType "swiss"]
[EventCountry "GER"]
[SourceTitle "playchess.com"]
[Source "ChessBase"]
[SourceQuality "1"]
[TimeControl "40/5400+30:1800+30"]

1. e4 e6 2. d4 d5 3. Nd2 Nf6 4. e5 Nfd7 5. Bd3 c5 6. c3 Nc6 7. Ne2 cxd4 8. cxd4 Qb6 9. Nf3 Be7 10. O-O f6 11. exf6 Nxf6 12. Re1 O-O 13. Bf4 Ne4 14. Qc1 Nb4 15. Bb1 Bd7 16. Nc3 Rac8 17. Qe3 Nxc3 18. bxc3 Rxc3 19. Qxc3 Rxf4 20. Ne5 Bb5 21. a3 Nc6 22. Qh3 Nxe5 23. Qxh7+ Kf7 24. Qh5+ g6 25. Qh7+ Ke8 26. Qh8+ Rf8 27. Qxe5 Kd7 28. Qg7 g5 29. Bg6 Rf6 30. Bh5 Qxd4 31. Bf3 Ba4 32. Rab1 b5 33. Re3 Bc2 34. Rbe1 Bf5 35. Rd1 Qa4 1-0

[Event "GER-chT States Women 2022"]
[Site "Braunfels"]
[Date "2022.06.16"]
[Round "1.27"]
[White "Barpiyeva, Gulsana"]
[Black "Pavlov, Liliane"]
[Result "1-0"]
[ECO "A56"]
[WhiteElo "2016"]
[BlackElo "1742"]
[Annotator "NA RC"]
[PlyCount "101"]
[EventDate "2022.06.15"]
[EventType "swiss"]
[EventCountry "GER"]
[SourceTitle "playchess.com"]
[Source "ChessBase"]
[SourceQuality "1"]
[TimeControl "40/5400+30:1800+30"]

1. d4 Nf6 2. c4 c5 3. Nf3 cxd4 4. Nxd4 a6 5. Nc3 e5 6. Nf3 Nc6 7. e3 d6 8. Be2 Be7 9. O-O O-O 10. a3 h6 11. b4 Be6 12. Nd5 Rc8 13. Bb2 Nd7 14. Qd2 e4 15. Nxe7+ Qxe7 16. Nd4 Nce5 17. Nxe6 Qxe6 18. Qd4 f5 19. Rfd1 Rf6 20. Rac1 Rg6 21. Kf1 Rf8 22. c5 dxc5 23. bxc5 Qe7 24. Qd5+ Kh7 25. g3 Rc6 26. Kg2 Re8 27. Bd4 Nf6 28. Qb3 g5 29. Bxe5 Qxe5 30. Qxb7+ Rc7 31. Qxa6 Re6 32. Qc4 Rec6 33. Qd4 Qe7 34. a4 Rxc5 35. Rxc5 Rxc5 36. Qd6 Qxd6 37. Rxd6 Nd5 38. Bb5 Nc3 39. Rc6 Rxb5 40. axb5 Nxb5 41. Rc5 Nd6 42. Rd5 Nf7 43. Rxf5 Kg6 44. Ra5 g4 45. h4 Kf6 46. Kf1 Ne5 47. Ra6+ Kg7 48. Re6 Nf3 49. Ke2 Ng1+ 50. Kd2 Nh3 51. Ke1 1-0